 Dungeon Crawl Stone Soup version 0.19.0-20-gbc5f0c6 (webtiles) character file.

24308 dobroeutro the Basher (level 13, -2/88 HPs)
             Began as a Gargoyle Fighter on Nov 17, 2016.
             Was an Elder of Lugonu.
             Slain by a death yak (14 damage)
             ... on level 3 of the Lair of Beasts.
             The game lasted 00:22:14 (12819 turns).

dobroeutro the Basher (Gargoyle Fighter)           Turns: 12819, Time: 00:22:15

Health: -2/88      AC: 29    Str: 24    XL:     13   Next: 12%
Magic:  14/18      EV:  9    Int: 11    God:    Lugonu [****..]
Gold:   1140       SH: 12    Dex: 14    Spells: 0 memorised, 12 levels left

rFire  . . .     SeeInvis .     D - +2 mace (crush)
rCold  + . .     Gourm    +     p - +0 plate armour
rNeg   + + .     Faith    .     c - +1 shield
rPois  ∞         Spirit   .     z - +0 helmet
rElec  +         Reflect  .     i - +0 cloak of Recklessness {Int+2}
rCorr  .         Harm     .     G - +0 pair of gloves
MR     .....                    (no boots)
Stlth  ..........               E - amulet of the gourmand
                                B - ring of positive energy
                                j - ring of protection from cold

@: no status effects
A: hooves 2, molten scales 1, agile 2, negative energy resistance 1, robust 1,
electricity resistance, unbreathing, petrification resistance, no device heal 1,
rot immunity, subdued magic 1, AC +9
a: Depart the Abyss, Bend Space, Banish, Corrupt, Renounce Religion


You were on level 3 of the Lair of Beasts.
You worshipped Lugonu.
Lugonu was greatly pleased with you.
You were completely stuffed.

You visited 3 branches of the dungeon, and saw 17 of its levels.

You collected 1140 gold pieces.

Inventory:

Hand Weapons
 a - a +0 flail
 D - a +2 mace of crushing (weapon)
Armour
 c - a +1 shield (worn)
 i - the +0 cloak of Recklessness (worn) {Int+2}
   (You found it on level 7 of the Dungeon)

   It affects your intelligence (+2).
 p - a +0 plate armour (worn)
 z - a +0 helmet (worn)
 G - a +0 pair of gloves (worn)
Jewellery
 j - a ring of protection from cold (left hand)
 A - an uncursed amulet of rage
 B - a ring of positive energy (right hand)
 E - an amulet of the gourmand (around neck)
 Q - an uncursed ring of resist corrosion
Wands
 M - a wand of flame (38/48)
 P - a wand of polymorph (12/24)
 S - a wand of flame (13/48)
 V - a wand of enslavement (11/24)
 W - a wand of iceblast (2/15)
 X - a wand of lightning (4/15)
 Y - a wand of iceblast (6/15)
Scrolls
 b - a scroll of magic mapping
 h - 7 scrolls of amnesia
 o - a scroll of blinking
 r - 9 scrolls of identify
 u - 2 scrolls of fear
 y - 3 scrolls of teleportation
 C - 5 scrolls of enchant weapon
 H - 3 scrolls of remove curse
 L - 4 scrolls of recharging
 U - a scroll of enchant armour
Potions
 d - 3 potions of might
 e - 9 potions of curing
 l - 5 potions of flight
 m - a potion of heal wounds {unknown}
 t - a potion of berserk rage {unknown}
 w - 4 potions of brilliance
 x - 2 potions of magic
 F - 4 potions of ambrosia
 I - a potion of resistance
 J - a potion of beneficial mutation
 N - a potion of haste
Comestibles
 f - 6 bread rations
 g - 7 meat rations
 k - 2 royal jellies
 q - 26 fruits
 s - 2 slices of pizza
 v - 6 beef jerkies


   Skills:
 + Level 9.4 Fighting
 * Level 13.6 Maces & Flails
   Level 0.1 Polearms
 + Level 9.7 Armour
 + Level 7.2 Dodging
 - Level 0.8 Stealth
 + Level 6.8 Shields
 + Level 7.5 Invocations


You had 12 spell levels left.
You didn't know any spells.

Dungeon Overview and Level Annotations

Branches:
Dungeon (12/15)            Temple (1/1) D:6            Lair (4/6) D:11
  Snake (0/4) Lair:3          Orc (0/2) D:9
  Swamp: Lair:2-4    Shoals: Lair:2-4

Altars:
Ashenzari
Cheibriados
Dithmenos
Elyvilon
Fedhas
Gozag
Hepliaklqana
Kikubaaqudgha
Makhleb
Nemelex Xobeh
Okawaru
Qazlal
Ru
Sif Muna
Trog
Uskayaw
Vehumet
Xom
Yredelemnul
Zin
The Shining One
Beogh
Lugonu

Shops:
D:10 %[%

Portals:
Trove: D:10 (show slimy rune of Zot)

Annotations:
D:7 exclusion: door


Innate Abilities, Weirdness & Mutations

You are resistant to torment.
Your stone body is resilient. (AC +9)
You are immune to poison.
You resist negative energy. (rN+)
You are resistant to electric shocks. (rElec)
You can survive without breathing.
You are immune to petrification.
You are immune to rotting.
You have hoof-like feet.
You are partially covered in molten scales. (AC +2)
You are very agile. (Dex +4)
You are robust. (+10% HP)
Potions and wands are less effective at restoring your health.
Your spells are a little easier to cast, but a little less powerful.


Message History

You see here an arrow.
The centaur shoots an arrow.
You block the arrow.
The centaur shoots an arrow.
The arrow hits you but does no damage.
You see here 2 arrows.
The centaur shoots an arrow.
The arrow hits you but does no damage.
There is a stone staircase leading up here.
You see here an arrow.
The death yak barely misses you.
You climb upwards.
There is a stone staircase leading down here.
Press: ? - help, Shift-Dir - straight line, f - death yak
Aim: a death yak (chance to defeat MR: 22%)
The death yak resists with almost no effort.
You feel somewhat less full.
You can no longer gate yourself to the Abyss.
The death yak gores you!
* * * LOW HITPOINT WARNING * * *
Your system partially rejects the healing.
You feel better. The death yak gores you!
You die...

#.............>...
#.)...............
#........P#.......
#........##.......
#.........###...##
#..............##
##.#+###..#..##P#
#..#..<.#.#######
##@#......#
##Y#......##
#..#.......#####
##>...<.+.P.##.####
#.÷.....#..........
##......#..........
#......#...........
##..............#..
#.................


You could see a death yak.

Vanquished Creatures
  A hydra (Lair:2)
  Erica (D:11)
  Urug (Lair:2)
  2 death yaks
  A skeletal warrior (D:11)
  A hill giant (D:10)
  2 ugly things
  A cyclops (D:11)
  3 black mambas
  5 rime drakes (Lair:4)
  6 spiny frogs
  2 komodo dragons
  The ghost of dobroeutro the Archer, an amateur CeHu (D:4)
  2 trolls (D:9)
  A two-headed ogre (D:11)
  3 blink frogs (Lair:2)
  10 hippogriffs
  7 wyverns (Lair:4)
  4 basilisks (Lair:4)
  15 yaks
  6 water moccasins
  2 nagas (Lair:3)
  3 porcupines
  4 orc warriors
  3 ice beasts
  A phantom (D:10)
  4 black bears
  An eye of draining (D:12)
  14 centaurs
  A necrophage (D:7)
  6 ogres
  4 crocodiles
  A big kobold (D:8)
  11 bullfrogs
  7 scorpions
  5 killer bees (D:10)
  9 wights
  3 howler monkeys
  3 crimson imps
  A bullfrog zombie (D:6)
  3 hounds (D:10)
  6 orc priests
  2 jellies (D:9)
  9 orc wizards
  A bullfrog skeleton (D:6)
  A centaur skeleton (D:11)
  2 iguanas (D:10)
  7 worker ants
  Terence (D:3)
  A killer bee zombie (D:4)
  A hound zombie (D:9)
  A worker ant zombie (D:10)
  Robin (D:4)
  A howler monkey zombie (D:11)
  13 adders
  2 shadow imps
  An adder skeleton (D:9)
  2 worms
  13 leopard geckos
  27 orcs
  2 ball pythons
  7 giant cockroaches
  11 goblins
  7 hobgoblins
  7 jackals
  6 quokkas
  7 bats
  5 frilled lizards
  A jackal zombie (D:7)
  5 kobolds
  A quokka skeleton (D:4)
  5 rats
317 creatures vanquished.

Vanquished Creatures (others)
  An iguana (D:11)
  An adder (D:11)
  A fungus (Lair:4)
  12 plants
15 creatures vanquished.

Grand Total: 332 creatures vanquished

Notes
Turn   | Place    | Note
-------+----------+-------------------------------------------
     0 | D:1      | dobroeutro the Gargoyle Fighter began the quest for the Orb.
     0 | D:1      | Reached XP level 1. HP: 14/14 MP: 1/1
   234 | D:1      | Reached XP level 2. HP: 14/19 MP: 2/2
   322 | D:1      | Reached skill level 1 in Dodging
   709 | D:2      | Reached XP level 3. HP: 14/23 MP: 3/3
  1093 | D:2      | Reached XP level 4. HP: 28/28 MP: 4/4
  1425 | D:2      | Found a shimmering altar of Xom.
  1539 | D:2      | Found a burning altar of Makhleb.
  1754 | D:3      | Reached skill level 3 in Maces & Flails
  1770 | D:3      | Noticed Terence
  1777 | D:3      | Killed Terence
  1777 | D:3      | Reached XP level 5. HP: 31/33 MP: 5/5
  2487 | D:4      | Reached skill level 4 in Maces & Flails
  2632 | D:4      | Noticed Robin
  2658 | D:4      | Killed Robin
  2843 | D:4      | Reached XP level 6. HP: 35/38 MP: 6/6
  2922 | D:4      | Noticed dobroeutro's ghost (amateur CeHu)
  2941 | D:4      | Killed dobroeutro's ghost
  2941 | D:4      | Reached skill level 5 in Maces & Flails
  2941 | D:4      | Reached XP level 7. HP: 38/43 MP: 7/7
  3148 | D:5      | Entered Level 5 of the Dungeon
  3201 | D:5      | Reached skill level 6 in Maces & Flails
  3333 | D:5      | Found a glowing drain.
  3449 | D:5      | Reached skill level 7 in Maces & Flails
  3449 | D:5      | Reached XP level 8. HP: 16/48 MP: 8/8
  3793 | D:5      | Found an ancient bone altar of Kikubaaqudgha.
  3796 | D:5      | Found a radiant altar of Vehumet.
  3856 | D:6      | Found a staircase to the Ecumenical Temple.
  3889 | Temple   | Entered the Ecumenical Temple
  3912 | Temple   | Became a worshipper of Lugonu the Unformed
  3912 | Temple   | Reached * piety under Lugonu
  4072 | D:6      | Reached skill level 5 in Fighting
  4123 | D:6      | Reached skill level 8 in Maces & Flails
  4465 | D:6      | Found a stormy altar of Qazlal.
  4479 | D:6      | Found a blossoming altar of Fedhas.
  4684 | D:7      | Found a shadowy altar of Dithmenos.
  4685 | D:7      | Found a bloodstained altar of Trog.
  4691 | D:7      | Reached skill level 9 in Maces & Flails
  4691 | D:7      | Reached skill level 5 in Armour
  4691 | D:7      | Reached XP level 9. HP: 54/54 MP: 9/9
  4692 | D:7      | Found a white marble altar of Elyvilon.
  4693 | D:7      | Found a hazy altar of Hepliaklqana.
  4711 | D:7      | Found an iron altar of Okawaru.
  5028 | D:7      | Got a crude cloak
  5034 | D:7      | Identified the +0 cloak of Recklessness {Int+2} (You found it on level 7 of the Dungeon)
  5215 | D:7      | Found a snail-covered altar of Cheibriados.
  5358 | D:7      | Found a deep blue altar of Sif Muna.
  5665 | D:8      | Reached skill level 10 in Maces & Flails
  5911 | D:9      | Noticed a troll
  5921 | D:9      | Killed a troll
  5921 | D:9      | Reached skill level 1 in Invocations
  5983 | D:9      | Found a staircase to the Orcish Mines.
  5986 | D:9      | Found a roughly hewn altar of Beogh.
  6047 | D:9      | Reached ** piety under Lugonu
  6255 | D:9      | Reached XP level 10. HP: 46/60 MP: 11/11
  6430 | D:9      | Found a basalt altar of Yredelemnul.
  6439 | D:9      | Found a glowing golden altar of the Shining One.
  6839 | D:10     | Entered Level 10 of the Dungeon
  6839 | D:10     | Noticed a hill giant
  7188 | D:9      | Reached skill level 11 in Maces & Flails
  7188 | D:9      | Reached skill level 5 in Dodging
  7244 | D:10     | Found Harasuit's Food Shop.
  7254 | D:10     | Killed a hill giant
  7273 | D:10     | Found a portal to a secret trove of treasure.
  7422 | D:10     | Reached *** piety under Lugonu
  7575 | D:10     | Found Tijorgh's Antique Armour Shop.
  7785 | D:10     | Found Xoatim's Food Shoppe.
  7869 | D:11     | Noticed a green ugly thing
  7892 | D:10     | Killed a green ugly thing
  7897 | D:10     | Gained mutation: You have large cloven feet. [mutagenic meat]
  7905 | D:11     | Noticed Erica
  7930 | D:11     | Killed Erica
  7930 | D:11     | Reached XP level 11. HP: 16/67 MP: 14/14
  8427 | D:11     | Reached skill level 5 in Invocations
  8434 | D:11     | Noticed a cyclops
  8440 | D:11     | Noticed a death yak
  8440 | D:11     | Killed a cyclops
  8467 | D:11     | Killed a death yak
  8467 | D:11     | Reached skill level 12 in Maces & Flails
  8722 | D:11     | Found a staircase to the Lair.
  8756 | D:11     | Noticed a brown ugly thing
  8773 | D:11     | Killed a brown ugly thing
  8778 | D:11     | Gained mutation: You are agile. (Dex +2) [mutagenic meat]
  8779 | D:11     | Gained mutation: You have hoof-like feet. [mutagenic meat]
  8780 | D:11     | Gained mutation: Potions and wands are less effective at restoring your health. [mutagenic meat]
  9029 | D:11     | Reached **** piety under Lugonu
  9473 | D:12     | Noticed a skeletal warrior
  9474 | D:12     | Noticed a skeletal warrior
  9474 | D:12     | Noticed a skeletal warrior
  9517 | D:11     | Killed a skeletal warrior
  9693 | Lair:1   | Entered Level 1 of the Lair of Beasts
  9927 | Lair:1   | Got a jewelled trident
  9928 | Lair:1   | Identified the +7 trident "Pesoam" {chaos, rF+ Stlth+} (You found it on level 1 of the Lair of Beasts)
 10035 | Lair:1   | Reached XP level 12. HP: 68/74 MP: 16/16
 10378 | Lair:2   | Noticed Urug
 10390 | Lair:1   | Reached skill level 5 in Shields
 10446 | Lair:2   | Killed Urug
 10585 | Lair:2   | Noticed a six-headed hydra
 10595 | Lair:2   | Killed a six-headed hydra
 11152 | Lair:3   | Got an ancient glaive
 11266 | Lair:3   | Reached skill level 13 in Maces & Flails
 11357 | Lair:3   | Found a staircase to the Snake Pit.
 11496 | Lair:3   | Gained mutation: Scrolls take you a little longer to read. [potion of mutation]
 11496 | Lair:3   | Gained mutation: You are very agile. (Dex +4) [potion of mutation]
 11496 | Lair:3   | Lost mutation: Scrolls take you a little longer to read. [potion of mutation]
 11497 | Lair:3   | Gained mutation: You are partially covered in molten scales. (AC +2) [potion of mutation]
 11497 | Lair:3   | Gained mutation: You are robust. (+10% HP) [potion of mutation]
 11497 | Lair:3   | Gained mutation: Your spells are a little easier to cast, but a little less powerful. [potion of mutation]
 11880 | Lair:4   | Noticed a death yak
 11900 | Lair:3   | Killed a death yak
 12057 | Lair:4   | Noticed an eight-headed hydra
 12064 | Lair:4   | Banished an eight-headed hydra
 12308 | Lair:4   | Reached XP level 13. HP: 29/88 MP: 18/18
 12391 | Lair:4   | Reached ***** piety under Lugonu
 12819 | Lair:3   | Slain by a death yak

Skill      XL: |  1  2  3  4  5  6  7  8  9 10 11 12 |
---------------+-------------------------------------+-----
Dodging        | 1 2 3 4 5 6 7 |  7.2
Maces & Flails | 3 4 5 7 9 10 11 12 13 | 13.6
Fighting       | 4 5 7 8 9 |  9.4
Armour         | 4 5 6 7 8 9 |  9.7
Invocations    | 2 4 6 7 |  7.5
Shields        | 4 6 |  6.8
Polearms       | |  0.1
Stealth        | |  0.8

Action                   |  1- 3 |  4- 6 |  7- 9 | 10-12 | 13-15 || total
-------------------------+-------+-------+-------+-------+-------++-------
Melee: Flail             |    26 |    18 |    21 |       |       ||    65
       Spear             |    19 |       |       |       |       ||    19
       Whip              |    63 |   171 |       |       |       ||   234
       Mace              |       |       |   336 |   955 |   103 ||  1394
       Kick              |       |       |       |   270 |    49 ||   319
       Trident           |       |       |       |    11 |       ||    11
Invok: Bend Space        |       |       |       |     2 |       ||     2
       Banish            |       |       |       |     3 |     1 ||     4
Evoke: Wand              |       |       |       |    16 |       ||    16
  Use: Scroll            |       |       |    21 |     7 |     1 ||    29
       Potion            |       |       |       |     3 |     1 ||     4
 Stab: Petrified         |       |       |       |     4 |       ||     4
  Eat: Chunk             |       |     7 |    23 |    26 |     2 ||    58
Armor: Scale mail        |    50 |    73 |    47 |       |       ||   170
       Plate armour      |       |       |   146 |   490 |    63 ||   699
Dodge: Dodged            |    25 |    52 |    84 |   198 |    34 ||   393
Block: Shield            |    59 |    79 |   189 |   445 |    70 ||   842
